 Dungeon Crawl Stone Soup version 0.31-a0-1042-ga9834b393d (webtiles) character file.

Game seed: 7630491020261812555

342 Dirtsage the Chopper (level 6, -5/47 HPs)
             Began as a Demonspawn Berserker on Nov 20, 2023.
             Was a Believer of Trog.
             Slain by an ogre
             ... wielding a +0 giant club
              (15 damage)
             ... on level 3 of the Dungeon.
             The game lasted 00:05:34 (2457 turns).

Dirtsage the Chopper (Demonspawn Berserker)         Turns: 2457, Time: 00:05:35

Health: -5/47      AC: 15    Str: 19    XL:     6   Next: 30%
Magic:  0/6        EV: 10    Int:  9    God:    Trog [**....]
Gold:   185        SH:  0    Dex: 12    Spells: 5/5 levels left

rFire   . . .        a - +0 hand axe
rCold   . . .        (no shield)
rNeg    . . .        o - +0 scale mail
rPois   .            m - +2 hat of the Bear Spirit {Spirit, Bear, *Rage Will++}
rElec   .            (no cloak)
rCorr   .            (no gloves)
SInv    .            n - +0 pair of boots
Will    +++..        (no amulet) Stlth
                     k - ring of willpower
HPRegen 0.27/turn    (no ring)
MPRegen 0.10/turn

%: random rage (20%), guardian spirit
@: sanguine armoured, on berserk cooldown, slowed, very slow
A: powered by death 1, sanguine armour 1, weakness stinger 1
a: Renounce Religion, Berserk, Trog's Hand


You were on level 3 of the Dungeon.
You worshipped Trog.
Trog was pleased with you.
You visited 1 branch of the dungeon, and saw 3 of its levels.

You collected 185 gold pieces.

Inventory:

Hand Weapons
 a - a +0 hand axe (weapon)
Armour
 b - a +0 animal skin
 m - the +2 hat of the Bear Spirit (worn) {Spirit, Bear, *Rage Will++}
   (You found it on level 3 of the Dungeon)

   Bear:      Going berserk makes the wearer exceptionally tough, and they are
   slowed for a shorter time afterward.
   Will++:    It greatly increases your willpower.
   *Rage:     It berserks you when you make melee attacks (+20% chance).
 n - a +0 pair of boots (worn)
 o - a +0 scale mail (worn)
Jewellery
 k - a ring of willpower (left hand)
Wands
 r - a wand of charming (7)
 s - a wand of polymorph (5)
Scrolls
 e - a scroll of brand weapon
 f - a scroll of immolation
 g - a scroll of noise
 h - a scroll of torment
 l - a scroll of revelation
 p - a scroll of fear {unknown}
 t - 2 scrolls of teleportation
Potions
 c - a potion of lignification {unknown}
 d - a potion of heal wounds {unknown}
 i - 2 potions of attraction {unknown}
 j - a potion of degeneration {unknown}
 q - 2 potions of curing
 u - a potion of enlightenment {unknown}


   Skills:
 - Level 3.0 Fighting
 + Level 6.5 Axes
 - Level 1.7 Armour
 - Level 1.7 Dodging


You had 5 spell levels left.
You didn't know any spells.
Your spell library contained the following spells:

 Spells                   Type           Power      Damage    Failure   Level
 Haunt                    Necr/Summ      0%         N/A       100%        7
 Borgnjor's Revivificati  Necr           0%         N/A       100%        8
 Death's Door             Necr           0%         N/A       100%        9


Dungeon Overview and Level Annotations

Branches:
Dungeon (3/15)

Altars:
Nemelex Xobeh
Sif Muna


Innate Abilities, Weirdness & Mutations

You regenerate a little health from kills.
When seriously injured, your blood forms armour. (AC +6)
You have a small tail.


Message History

You kill the rat!
Trog accepts your kill.
You now have 94/94 hp.
Calm down first, please.
Calm down first, please.
You start waiting.
You feel a strong urge to attack something.
You start waiting.
You feel your anger nearly subside.
You start waiting.
You are no longer berserk.
You are exhausted.
You feel yourself slow down.
You now have 47/47 hp.
Found a stone staircase leading down.
You now have 185 gold pieces (gained 14).
There is a shimmering blue altar of Sif Muna here.
u - a murky green potion
There is a stone staircase leading down here.
An ogre comes into view. It is wielding a +0 giant club.
The ogre shouts!
The ogre hits you with a +0 giant club!!
Ouch! That really hurt!
Your blood congeals into armour.
You take 24 damage, and have 23/47 hp.
MASSIVE DAMAGE!!
You now have 3/6 mp.
You're still recovering from your berserk rage.
Okay, then.
It was a potion of curing.
You feel better.
q - 2 potions of curing
m - the +2 hat of the Bear Spirit (worn)
{Spirit, Bear, *Rage Will++} Your blood armour dries and flakes away.
The ogre hits you with a +0 giant club!!
Ouch! That really hurt!
* * * LOW HITPOINT WARNING * * *
Your blood congeals into armour.
You take 13 damage, and have 10/47 hp.
MASSIVE DAMAGE!!
You now have 1/6 mp.
You slash the ogre!
The ogre is moderately wounded.
The ogre hits you with a +0 giant club!
You die...

##### #...####
######......####
........._.....#
.####.#†.8..##># .#
#.#.._..##.# .#
#.......##.# .#
##########.########.
.# #..@O...... .#
########### .# .###
######## ...#
#......#
##.#########
#.####.#
#..........#######.#
#.#
........##.........#
#.#
.....##.##..########
##.##


You could see an ogre.

Vanquished Creatures
  Sigmund (D:3)
  A centaur (D:3)
  4 adders
  A worm (D:2)
  An orc (D:3)
  5 bats
  4 endoplasms
  3 giant cockroaches
  8 goblins
  8 hobgoblins
  3 jackals (D:2)
  2 quokkas
  6 ball pythons
  10 kobolds
  4 rats
61 creatures vanquished.

Notes
Turn   | Place    | Note
-------+----------+-------------------------------------------
     0 | D:1      | Dirtsage the Demonspawn Berserker began the quest for the
                  | Orb.
     0 | D:1      | Reached XP level 1. HP: 18/18 MP: 1/1
   177 | D:1      | Found a faded altar of an unknown god.
   183 | D:1      | Reached skill level 3 in Axes
   276 | D:1      | Gained mutation: When seriously injured, your blood forms
                  | armour. (AC +6) [demonic ancestry]
   276 | D:1      | Reached XP level 2. HP: 12/24 MP: 2/2
   911 | D:2      | Gained mutation: You regenerate a little health from kills.
                  | [demonic ancestry]
   911 | D:2      | Reached XP level 3. HP: 25/29 MP: 3/3
  1033 | D:2      | Reached ** piety under Trog
  1034 | D:2      | Reached skill level 4 in Axes
  1665 | D:2      | Reached XP level 4. HP: 35/35 MP: 4/4
  1816 | D:3      | Noticed Sigmund
  1831 | D:3      | Killed Sigmund
  1832 | D:3      | Reached skill level 5 in Axes
  1832 | D:3      | Reached XP level 5. HP: 41/41 MP: 5/5
  1953 | D:3      | Reached skill level 6 in Axes
  2003 | D:3      | Found the +2 hat of the Bear Spirit {Spirit, Bear, *Rage
                  | Will++}
  2133 | D:3      | Noticed a centaur
  2153 | D:3      | Killed a centaur
  2154 | D:3      | Gained mutation: You have a small tail. [demonic ancestry]
  2154 | D:3      | Reached XP level 6. HP: 39/47 MP: 1/6
  2429 | D:3      | Found a shimmering blue altar of Sif Muna.
  2431 | D:3      | Found a sparkling altar of Nemelex Xobeh.
  2457 | D:3      | Slain by an ogre

Illustrated notes

Levels and vault maps discovered:
D:1:      mrwooster_arrival_statue_2, layout_basic,
          hellmonk_ecumenical_altar_leap_of_faith
D:2:      minmay_alternating_diamond, layout_loops_ring, serial_bayou_pond_d
D:3:      minmay_octagon_keep, layout_loops_ring,
          chequers_temple_overflow_statue_of_worship, uniq_sigmund

Skill      XL: |  1  2  3  4  5 |
---------------+----------------+-----
Axes           | 3 4 5 6 |  6.5
Fighting       | |  3.0
Armour         | |  1.7
Dodging        | |  1.7

Action                     |  1- 3 |  4- 6 || total
---------------------------+-------+-------++-------
  Melee: Hand axe          |   142 |    63 ||   205
 Invoke: Berserk           |       |     1 ||     1
    Use: Scroll            |     4 |     2 ||     6
         Potion            |       |     1 ||     1
 Armour: Animal skin       |    51 |       ||    51
         Scale mail        |    32 |    66 ||    98
  Dodge: Dodged            |    82 |    52 ||   134

Table legend: (Time is in decaauts)
 A = Elapsed time spent in this place.
 B = Non-inter-level travel time spent in this place.
 C = Inter-level travel time spent in this place.
 D = Time resting spent in this place.
 E = Time spent auto-exploring this place.
 F = Levels seen in this place.
 G = Mean time per level.
                   A        B        C        D        E       F      G
               +--------+--------+--------+--------+--------+-----+--------+
         Total |   2513 |   2442 |     71 |     95 |   1893 |   3 |  837.7 |
       Dungeon |   2513 |   2442 |     71 |     95 |   1893 |   3 |  837.7 |
               +--------+--------+--------+--------+--------+-----+--------+

Top non-repeatable levels by time:
     D:2: 936 daAuts
     D:1: 873 daAuts
     D:3: 704 daAuts
